Map: Moonlight Madness LE (Void)

Players

wabbajack

  • Race: Zerg Zerg
  • League: Gold

Beakyboo - Winner!

  • Race: Zerg Zerg

VOD

Have the link to the VOD?

Description

Time

  • Played on: July 20, 2015, 1:14 p.m.
  • Length: 6:34
Show
View Real Time Build Order
Export as new Build Order

wabbajack Zerg 

Build Orders: Pool First 

Get SALT Encoding   

  12  0:01  Drone  
  13  0:11  Drone  
  14  0:18  Overlord  
  14  0:34  Spawning Pool  
  13  0:39  Drone  
  14  0:43  Drone  
  14  0:46  Drone  
  16  0:51  Extractor  
  16  0:53  Drone  
  16  1:03  Drone  
  17  1:21  Queen  
  17  1:24  Overlord  
  19  1:28  Drone  
  20  1:41  Roach Warren  
  19  2:04  Hatchery  
  18  2:13  Drone  
  18  2:14  Drone x2  
  21  2:33  Roach x3  
  21  2:34  Roach  
  29  2:39  Extractor  
  29  2:40  Roach  
  29  2:43  Overlord  
  31  2:51  Metabolic Boost  
  31  3:16  Queen  
  33  3:26  Spine Crawler  
  32  3:47  Spine Crawler  
  31  3:50  Roach  
  31  3:51  Roach x5  
  43  4:00  Overlord  
  43  4:28  Queen  
  43  4:29  Queen  
  45  4:48  Drone x4  
  45  4:52  Drone x3  
  52  4:58  Overlord  
  52  5:03  Overlord  
  52  5:19  Roach x4  
  60  5:25  Overlord  
  60  5:26  Overlord  
  60  5:30  Spine Crawler  
  60  5:32  Zergling x2  
  60  5:33  Zergling x6  
  64  5:50  Zergling x14  
  70  6:16  Zergling x20  
Show
View Real Time Build Order
Export as new Build Order

Beakyboo Zerg - Winner!

Build Orders: Pool First 

Get SALT Encoding   

  12  0:04  Drone  
  13  0:09  Drone  
  14  0:22  Overlord  
  14  0:34  Spawning Pool  
  13  0:37  Drone  
  13  0:42  Extractor  
  13  0:43  Drone  
  13  0:47  Drone  
  15  0:58  Drone  
  16  1:06  Drone  
  17  1:22  Hatchery  
  16  1:33  Queen  
  18  1:42  Metabolic Boost  
  18  1:48  Drone  
  18  1:49  Zergling x2  
  18  1:52  Zergling x2  
  21  2:00  Overlord  
  21  2:14  Drone  
  22  2:26  Drone  
  23  2:31  Queen  
  25  2:38  Queen  
  25  2:43  Zergling x6  
  25  2:44  Zergling x6  
  33  2:55  Baneling Nest  
  32  2:58  Drone x2  
  34  3:19  Overlord  
  34  3:23  Zergling x4  
  36  3:40  Drone x8  
  43  3:47  Lair  
  43  3:57  Overlord  
  43  4:05  Extractor  
  43  4:07  Roach Warren  
  41  4:22  Zergling x2  
  41  4:23  Zergling x18  
  47  4:43  Drone  
  47  4:44  Drone x2  
  47  4:45  Evolution Chamber  
  48  4:57  Drone x3  
  51  5:01  Overlord  
  51  5:08  Glial Reconstitution  
  51  5:12  Burrow  
  51  5:19  Overlord x2  
  51  5:22  Drone x3  
  51  5:28  Overlord x2  
  54  5:33  Roach  
  54  5:34  Roach  
  58  5:40  Extractor  
  58  5:41  Drone  
  58  5:43  Overlord x2  
  58  5:44  Roach x2  
  58  5:45  Roach  
  64  5:56  Roach  
  64  5:57  Roach x3  
  72  6:02  Roach  
  74  6:05  Roach  
Tags
 
Add a new tag
Caveats
  • Supply blocks, unpowered buildings, or Contaminate may cause inaccurate times.
  • Supply counts are checked every 10 seconds.